 Dungeon Crawl Stone Soup version 0.30-a0-12-gd8047c6341 (webtiles) character file.

Game seed: 5802635402546338671

24840 apoch the Severer (level 13, -5/115 HPs)
             Began as a Hill Orc Fighter on Aug 23, 2022.
             Was the Champion of Elyvilon.
             Slain by a death drake (6 damage)
             ... in a Gauntlet.
             The game lasted 00:37:21 (14977 turns).

apoch the Severer (Hill Orc Fighter)               Turns: 14977, Time: 00:37:22

Health: -5/115     AC: 18    Str: 24    XL:     13   Next: 15%
Magic:  19/21      EV:  8    Int: 14    God:    Elyvilon [******]
Gold:   764        SH:  0    Dex: 10    Spells: 12/12 levels left

rFire   + . .      SeeInvis +    H - +8 executioner's axe "Dezarr" {flame, Contam rElec rCorr SInv}
rCold   . . .      Faith    .    (shield currently unavailable)
rNeg    . . .      Spirit   .    j - +1 chain mail
rPois   .          Reflect  .    s - +1 helmet
rElec   +          Harm     .    (no cloak)
rCorr   +          Rampage  .    u - +0 pair of gloves
Will    .....      NoTele   +    T - +0 pair of boots
Stlth   ..........               t - amulet of Gicsiann {Regen+ Stlth+}
HPRegen 1.09/turn                V - ring "Opyhum" {Int+6 Slay+2}
MPRegen 0.17/turn                v - ring of protection from fire

@: no status effects
A: no striking features
a: Renounce Religion, Purification, Heal Other, Heal Self, Divine Vigour


You were in a Gauntlet.
You worshipped Elyvilon.
Elyvilon was exalted by your worship.
You visited 2 branches of the dungeon, and saw 13 of its levels.
You also visited: Bailey and Gauntlet.

You collected 787 gold pieces.
You spent 23 gold pieces at shops.

Inventory:

Hand Weapons
 a - a +5 battleaxe of freezing
 b - the +5 flail of the Shrike {venom, Fly rElec Will+}
   (You took it off a hobgoblin on level 2 of the Dungeon)

   It poisons the flesh of those it strikes.
   rElec:     It insulates you from electricity.
   Fly:       It grants you flight.
   Will:      It increases your willpower.
 m - a +0 battleaxe of electrocution
 F - a +0 war axe
 H - the +8 executioner's axe "Dezarr" (weapon) {flame, Contam rElec rCorr SInv}
   (You acquired it on level 3 of the Lair of Beasts)

   It burns those it strikes, dealing additional fire damage.
   Big, fiery blades are also staple armaments of hydra-hunters.
   rElec:     It insulates you from electricity.
   SInv:      It lets you see invisible.
   Contam:    It causes magical contamination when unequipped.
   rCorr:     It protects you from acid and corrosion.
Missiles
 B - 21 poisoned darts (quivered)
 O - a curare-tipped dart
Armour
 c - a +0 buckler
 j - a +1 chain mail (worn)
 s - a +1 helmet (worn)
 u - a +0 pair of gloves (worn)
 T - a +0 pair of boots (worn)
Jewellery
 d - an amulet of guardian spirit
 f - an amulet of the acrobat
 g - a +6 ring of dexterity
 n - the ring "Hyshrum" {Fire rN+}
   (You found it on level 2 of the Dungeon)

   [ring of fire]

   It enhances your fire magic.
   rF:        It protects you from fire.
   rC:        It makes you vulnerable to cold.
   rN:        It protects you from negative energy.
 t - the amulet of Gicsiann (around neck) {Regen+ Stlth+}
   (You found it in a bailey)

   [amulet of regeneration]

   Regen:     It increases your rate of health regeneration.
   Stlth:     It makes you more stealthy.
 v - a ring of protection from fire (right hand)
 E - a +6 ring of strength
 I - a +6 ring of intelligence
 L - a ring of protection from cold
 M - an amulet of reflection
 P - a ring of ice
 S - a ring of flight
 V - the ring "Opyhum" (left hand) {Int+6 Slay+2}
   (You found it in a Gauntlet)

   [ring of intelligence]

   Int:       It affects your intelligence (+6).
   Slay:      It affects your accuracy & damage with ranged weapons and melee
   (+2).
Wands
 w - a wand of polymorph (15)
 R - a wand of acid (5)
Scrolls
 h - 4 scrolls of fear
 k - 4 scrolls of butterflies
 l - 5 scrolls of identify
 o - 9 scrolls of amnesia
 p - 2 scrolls of blinking
 q - 5 scrolls of teleportation
 y - 2 scrolls of enchant armour
 G - a scroll of summoning
 K - 2 scrolls of enchant weapon {unknown}
 U - a scroll of acquirement
 W - a scroll of magic mapping
Potions
 e - 5 potions of degeneration
 i - 5 potions of curing
 r - 3 potions of haste
 x - 5 potions of might
 z - a potion of attraction
 A - 3 potions of brilliance
 C - 3 potions of magic {unknown}
 D - 3 potions of cancellation {unknown}
 J - a potion of heal wounds
 N - 2 potions of mutation {unknown}
 Q - a potion of flight {unknown}


   Skills:
 + Level 10.9 Fighting
 - Level 20.0 Axes
 + Level 10.8 Armour
 - Level 3.2 Shields
 + Level 11.1 Invocations


You had 12 spell levels left.
You didn't know any spells.
Your spell library contained the following spells:

 Spells                   Type           Power      Damage    Failure   Level
 Call Canine Familiar     Summ           0%         N/A       99%         3
 Portal Projectile        Hex/Tloc       0%         N/A       99%         3
 Fulminant Prism          Conj/Hex       0%         3d6       100%        4
 Iskenderun's Mystic Bla  Conj/Tloc      0%         2d3       100%        4
 Leda's Liquefaction      Hex/Erth       0%         N/A       100%        4
 Freezing Cloud           Conj/Ice/Air   0%         6-21      100%        5
 Lee's Rapid Deconstruct  Erth           0%         3d5*      100%        5
 Simulacrum               Ice/Necr       0%         N/A       100%        6
 Polar Vortex             Ice            0%         N/A       100%        9


Dungeon Overview and Level Annotations

Branches:
Dungeon (10/15)            Temple (0/1) D:6            Lair (3/5) D:10
  Snake (0/4) Lair:2          Orc (0/2) D:9          Bailey (visited)
Gauntlet (1/1)
  Swamp: Lair:2-3    Shoals: Lair:2-3

Altars:
Dithmenos
Elyvilon
Fedhas
Makhleb
Sif Muna
Vehumet
Zin

Shops:
D:3 *   D:9 *

Annotations:
Gauntlet 7 transporters, 16 runed translucent doors


Message History

The harpy zombie claws you but does no damage.
The wolf spider zombie hits you!
The wolf spider zombie barely misses you.
The death drake bites you but does no damage.
The harpy zombie claws you but does no damage. x2
The wolf spider zombie barely misses you.
The wolf spider zombie bites you but does no damage.
Unknown command.
The death drake attacks as you move away!
The death drake bites you but does no damage.
You are engulfed in dark miasma.
You are lethally poisoned!
* * * LOW HITPOINT WARNING * * *
x2 You feel extremely sick.
The harpy zombie claws you.
* * * LOW HITPOINT WARNING * * *
The harpy zombie barely misses you.
The wolf spider zombie hits you but does no damage.
The wolf spider zombie bites you but does no damage.
Unknown command.
You feel better.
You are engulfed in dark miasma.
You are lethally poisoned!
You feel as though you will be slow longer.
* * * LOW HITPOINT WARNING * * *
x2 You feel extremely sick.
The death drake bites you but does no damage.
The wolf spider zombie closely misses you.
The wolf spider zombie barely misses you.
The death drake bites you but does no damage.
The wolf spider zombie hits you.
* * * LOW HITPOINT WARNING * * *
The wolf spider zombie bites you but does no damage.
Unknown command.
You feel purified! The death drake bites you.
* * * LOW HITPOINT WARNING * * *
The wolf spider zombie hits you. Elyvilon protects you from harm!
The wolf spider zombie completely misses you.
The death drake bites you.
You die...

#≈..###########..#.#$.##t
##......#©#......#.#.©?.b
#≈......#©#......########
##..###########.....#©#..
#≈..#..+.©.+..#.....#©#..
##..#..+...+..#..########
#≈..#++#'#+#++#..#hh8#8..
##..#..Z...+..#..#bhb8...
#§..#.Zk@..+..#..#8t8.8.8
##..#'Z#...#++#..##8.©.8#
#≈..#..#+++#..#..#8.8.8.8
##..#.........#..#bbb8...
#§..#..=!©.!..#..#hbhb}=.
##..###########..########
#≈§§............∩........
##....§§§..§.............
##≈#≈#≈#§#≈########§#≈#≈


You could see a death drake, a spectral centaur warrior, a harpy zombie and a
wolf spider zombie.

Vanquished Creatures
  An orc warlord (Bailey)
  2 hydras
  A two-headed ogre (D:8)
  3 death yaks (Lair:2)
  A necromancer (Gauntlet)
  An oklob plant (Gauntlet)
  5 elephants (Lair:2)
  2 black mambas
  A centaur zombie (Gauntlet)
  Joseph (D:8)
  2 cane toads (Lair:1)
  Maggie (D:6)
  A kobold demonologist (D:10)
  A komodo dragon (Lair:2)
  A rime drake (Lair:1)
  A queen bee (D:10)
  A troll (D:10)
  A hornet (D:10)
  A wraith (D:10)
  37 yaks
  3 wyverns
  4 vampire mosquitoes (D:7)
  A steam dragon (Lair:1)
  A basilisk (Lair:1)
  Menkaure (D:7)
  An acid dragon (Gauntlet)
  A naga (Lair:2)
  4 water moccasins
  A black bear (D:7)
  2 ice beasts
  14 orc warriors
  3 ogres
  6 wolves (Gauntlet)
  3 centaurs
  3 phantoms
  The ghost of baller8008 the Covered, an amateur GrFi (D:3)
  3 kobold brigands
  8 bullfrogs
  3 necrophages
  2 scorpions
  A gnoll sergeant (D:10)
  12 wights
  11 killer bees (D:10)
  An electric eel (D:9)
  5 howler monkeys
  4 quasits (D:3)
  2 hounds
  5 jellies
  8 orc priests
  2 iguanas
  17 orc wizards
  Robin (D:3)
  14 adders
  26 gnolls
  3 shadow imps
  2 white imps
  2 ufetubi (D:6)
  3 worms (D:3)
  6 dart slugs
  53 orcs
  10 endoplasms
  4 giant cockroaches
  32 goblins
  22 hobgoblins
  6 jackals
  3 quokkas
  10 ball pythons
  2 bats (D:3)
  5 frilled lizards
  19 kobolds
  7 rats
428 creatures vanquished.

Vanquished Creatures (others)
  10 fungi
  9 plants
  14 withered plants (Gauntlet)
33 creatures vanquished.

Grand Total: 461 creatures vanquished

Notes
Turn   | Place    | Note
-------+----------+-------------------------------------------
     0 | D:1      | apoch the Hill Orc Fighter began the quest for the Orb.
     0 | D:1      | Reached XP level 1. HP: 19/19 MP: 1/1
    26 | D:1      | Reached skill level 3 in Axes
    53 | D:1      | Reached XP level 2. HP: 23/26 MP: 2/2
   189 | D:1      | Reached skill level 4 in Axes
   494 | D:1      | Reached XP level 3. HP: 31/31 MP: 3/3
   681 | D:1      | Found a faded altar of an unknown god.
   683 | D:1      | Prayed at the altar of an unknown god.
   683 | D:1      | Became a worshipper of Elyvilon the Healer
   683 | D:1      | Reached * piety under Elyvilon
  1096 | D:2      | Identified the ring "Hyshrum" {Fire rN+}
  1133 | D:2      | Identified the +5 flail of the Shrike {venom, Fly rElec
                  | Will+}
  1144 | D:2      | Reached skill level 5 in Axes
  1641 | D:2      | Reached XP level 4. HP: 36/39 MP: 4/4
  1840 | D:2      | Reached ** piety under Elyvilon
  2030 | D:3      | Noticed Robin
  2033 | D:3      | Reached skill level 6 in Axes
  2043 | D:3      | Killed Robin
  2185 | D:3      | Found a transporter.
  2222 | D:3      | Reached XP level 5. HP: 29/45 MP: 5/5
  2229 | D:3      | Reached skill level 7 in Axes
  2385 | D:3      | Found a transporter.
  2389 | D:3      | Noticed baller8008's ghost (amateur GrFi)
  2413 | D:3      | Elyvilon protects you from harm!
  2414 | D:3      | HP: 2/45 [gnoll/+3 halberd (5)]
  3298 | D:3      | Reached *** piety under Elyvilon
  3405 | D:3      | Found a blossoming altar of Fedhas.
  3412 | D:3      | Found Egirotan's Assorted Antiques.
  3421 | D:3      | Bought a scroll labelled ARYODW JABLEQ for 23 gold pieces
  3700 | D:4      | Reached skill level 8 in Axes
  3700 | D:4      | Reached XP level 6. HP: 51/51 MP: 6/6
  4105 | D:4      | Reached skill level 9 in Axes
  4106 | D:4      | Reached XP level 7. HP: 55/57 MP: 7/7
  4412 | D:4      | Reached skill level 10 in Axes
  5023 | D:3      | Reached skill level 5 in Fighting
  5025 | D:3      | Killed baller8008's ghost
  5194 | D:5      | Entered Level 5 of the Dungeon
  5201 | D:5      | Reached XP level 8. HP: 71/71 MP: 8/8
  5240 | D:5      | Identified the +7 dagger of Lies {flame, rC+ Int+4 Dex+2}
  5253 | D:5      | Reached **** piety under Elyvilon
  6243 | D:6      | Found a staircase to the Ecumenical Temple.
  6491 | D:6      | Noticed Maggie
  6505 | D:6      | Killed Maggie
  6506 | D:6      | Reached skill level 10 in Fighting
  6804 | D:6      | Reached skill level 1 in Invocations
  6804 | D:6      | Reached XP level 9. HP: 85/85 MP: 9/9
  6838 | D:6      | Reached skill level 5 in Armour
  7621 | D:7      | Noticed Menkaure
  7627 | D:7      | Killed Menkaure
  7823 | D:7      | Reached skill level 5 in Invocations
  7832 | D:7      | Reached XP level 10. HP: 26/92 MP: 11/14
  7840 | D:7      | Reached skill level 11 in Axes
  7883 | D:7      | Found a white marble altar of Elyvilon.
  7906 | D:7      | Found a flagged portal.
  7920 | Bailey   | Entered a bailey
  8667 | Bailey   | Noticed an orc warlord
  8689 | Bailey   | Killed an orc warlord
  8690 | Bailey   | Reached skill level 12 in Axes
  8690 | Bailey   | Reached skill level 10 in Armour
  8692 | Bailey   | HP: 4/93 [orc warrior/+0 war axe (19)]
  8693 | Bailey   | Elyvilon protects you from harm!
  8713 | Bailey   | Identified the amulet of Gicsiann {Regen+ Stlth+}
  9241 | D:7      | Found a radiant altar of Vehumet.
  9427 | D:7      | Found a shadowy altar of Dithmenos.
  9477 | D:7      | Found a shimmering blue altar of Sif Muna.
  9595 | D:8      | Reached ***** piety under Elyvilon
  9613 | D:8      | Reached XP level 11. HP: 92/99 MP: 17/17
  9617 | D:8      | Reached skill level 13 in Axes
  9690 | D:8      | Noticed a two-headed ogre
  9694 | D:8      | Killed a two-headed ogre
 10178 | D:8      | Noticed Joseph
 10188 | D:8      | Killed Joseph
 10410 | D:9      | Found a glowing silver altar of Zin.
 10438 | D:9      | Found Tisaneupn's Fire Supplies.
 10555 | D:9      | Reached skill level 10 in Invocations
 10644 | D:9      | Found a staircase to the Orcish Mines.
 10978 | D:9      | Reached skill level 14 in Axes
 11078 | D:9      | Found a burning altar of Makhleb.
 11612 | D:10     | Entered Level 10 of the Dungeon
 11622 | D:10     | Found a staircase to the Lair.
 11993 | D:10     | Reached skill level 15 in Axes
 12117 | D:10     | HP: 3/118 [killer bee (4)]
 12117 | D:10     | Elyvilon protects you from harm!
 12392 | D:10     | Reached skill level 16 in Axes
 12764 | Lair:1   | Entered Level 1 of the Lair of Beasts
 12808 | Lair:1   | Reached XP level 12. HP: 97/106 MP: 19/19
 12852 | Lair:1   | Noticed a five-headed hydra
 12867 | Lair:1   | Killed a five-headed hydra
 12868 | Lair:1   | Reached skill level 17 in Axes
 13157 | Lair:1   | Reached skill level 18 in Axes
 13721 | Lair:2   | Noticed a six-headed hydra
 13761 | Lair:2   | Killed a six-headed hydra
 13762 | Lair:2   | Reached skill level 19 in Axes
 13926 | Lair:2   | Found a staircase to the Snake Pit.
 14113 | Lair:2   | Noticed a death yak
 14113 | Lair:2   | Noticed a death yak
 14114 | Lair:2   | Noticed a death yak
 14123 | Lair:2   | Killed a death yak
 14124 | Lair:2   | Reached skill level 20 in Axes
 14127 | Lair:2   | Killed a death yak
 14132 | Lair:2   | Killed a death yak
 14262 | Lair:2   | Reached ****** piety under Elyvilon
 14688 | Lair:3   | Acquired the +8 executioner's axe "Dezarr" {flame, Contam
                  | rElec rCorr SInv}
 14699 | Lair:3   | Found a gate leading to a gauntlet.
 14708 | Lair:3   | Reached XP level 13. HP: 114/114 MP: 20/20
 14717 | Gauntlet | Entered a Gauntlet
 14717 | Gauntlet | Found a transporter.
 14717 | Gauntlet | Found a transporter.
 14717 | Gauntlet | Found a transporter.
 14732 | Gauntlet | Found a transporter.
 14734 | Gauntlet | Found a transporter.
 14742 | Gauntlet | Found a transporter.
 14745 | Gauntlet | Found a transporter.
 14753 | Gauntlet | Found a transporter.
 14768 | Gauntlet | Found a large runed translucent door.
 14769 | Gauntlet | Found a large runed translucent door.
 14770 | Gauntlet | Found a large runed translucent door.
 14770 | Gauntlet | Found a large runed translucent door.
 14771 | Gauntlet | Found a runed translucent gate.
 14772 | Gauntlet | Found a transporter.
 14772 | Gauntlet | Found a runed translucent gate.
 14773 | Gauntlet | Found a runed translucent gate.
 14774 | Gauntlet | Found a large runed translucent door.
 14774 | Gauntlet | Found a large runed translucent door.
 14775 | Gauntlet | Found a large runed translucent door.
 14776 | Gauntlet | Found a large runed translucent door.
 14786 | Gauntlet | Found a large runed translucent door.
 14786 | Gauntlet | Found a large runed translucent door.
 14786 | Gauntlet | Found a runed translucent door.
 14786 | Gauntlet | Found a runed translucent door.
 14787 | Gauntlet | Found a large runed translucent door.
 14788 | Gauntlet | Found a large runed translucent door.
 14790 | Gauntlet | Found a transporter.
 14793 | Gauntlet | Found a transporter.
 14803 | Gauntlet | Found a transporter.
 14858 | Gauntlet | Found a large runed translucent door.
 14859 | Gauntlet | Found a large runed translucent door.
 14860 | Gauntlet | Found a large runed translucent door.
 14860 | Gauntlet | Found a large runed translucent door.
 14905 | Gauntlet | Identified the ring "Opyhum" {Int+6 Slay+2}
 14952 | Gauntlet | Identified the +7 glaive "Vohipsus" {vorpal, Contam
                  | Will+++}
 14976 | Gauntlet | HP: 5/115 [poisoned by a death drake (dark miasma)]
 14977 | Gauntlet | HP: 1/115 [death drake (5)]
 14977 | Gauntlet | Elyvilon protects you from harm!
 14977 | Gauntlet | Slain by a death drake

Illustrated notes

Levels and vault maps discovered:
D:1:      wander_arrival_fairy_ring, layout_rooms,
          shapermc_ecumenical_altar_venn, serial_bayou_crossing
D:2:      layout_loops_cross, minmay_diced_spiral
D:3:      layout_loops_cross, fedhas_altar_3, gammafunk_ghost_stat_death,
          serial_shops, shop_fountains, minmay_checkerbox, uniq_robin
D:4:      layout_basic, kennysheep_generic_room_5
D:5:      layout_loops_corners, kennysheep_small_circle
D:6:      layout_cave_pools, minmay_temple_entry_grid, uniq_maggie
D:7:      layout_rooms, vehumet_crystals, general_overflow_altar, tgw_sif,
          kennysheep_little_box, enter_bailey_3, uniq_menkaure
D:8:      kennysheep_blocky_hall, layout_loops_ring, hex_tiny, uniq_joseph
D:9:      layout_loops_corners, kennysheep_mini_moat, bloody_makhleb,
          hiddenorc1_lemuel, nicolae_water_bricks, nicolae_shop_fire_sale
          [nicolae_sub_dead_trees], grunt_ministairs_7
D:10:     layout_loops_corners, lair_entry_dummy, nicolae_looking_at_the_future
Lair:1:   layout_roguey, minmay_holes
Lair:2:   layout_long_grid, guppyfry_snake_entry_garden,
          infiniplex_staircase_pool_2
Lair:3:   layout_cave_pods, skrybe_swamp_entry_bodies, gauntlet_entry_generic,
          serial_bayou_shore_b
Gauntlet: minmay_gauntlet_mixed_big_or_small
          [nicolae_gauntlet_arena_flowing_pool,
          minmay_gauntlet_arena_77_tiled_triplets,
          gammafunk_gauntlet_arena_arrow_garden,
          minmay_gauntlet_arena_77_squiggly,
          minmay_gauntlet_arena_make_your_own_arena,
          minmay_gauntlet_arena_77_terracotta_army,
          nicolae_gauntlet_exit_dead_adventurers]

Skill      XL: |  1  2  3  4  5  6  7  8  9 10 11 12 13 |
---------------+----------------------------------------+-----
Axes           | 3 4 5 6 8 9 10 12 16 20 | 20.0
Fighting       | 6 10 | 10.9
Armour         | 4 8 10 | 10.8
Invocations    | 1 5 8 10 11 | 11.1
Shields        | |  3.2

Action                   |  1- 3 |  4- 6 |  7- 9 | 10-12 | 13-15 || total
-------------------------+-------+-------+-------+-------+-------++-------
Melee: War axe           |    90 |       |       |       |       ||    90
       Flail             |     5 |   119 |   166 |    21 |       ||   311
       Battleaxe         |       |       |    73 |   450 |       ||   523
       Executioner's axe |       |       |       |     2 |    23 ||    25
       Punch             |       |       |       |     1 |       ||     1
Throw: Boomerang         |       |     1 |       |    94 |       ||    95
       Dart              |       |       |    13 |   152 |       ||   165
Invok: Purification      |     1 |     1 |     1 |     3 |     1 ||     7
       Heal Self         |       |       |     2 |     5 |       ||     7
       Heal Other        |       |       |       |     2 |       ||     2
       Divine Vigour     |       |       |       |     1 |       ||     1
  Use: Potion            |     3 |       |     1 |     8 |     1 ||    13
       Scroll            |       |    15 |     3 |     1 |       ||    19
Armor: Scale mail        |    10 |       |       |       |       ||    10
       Chain mail        |    41 |    45 |   256 |   309 |    36 ||   687
Dodge: Dodged            |    25 |    41 |   186 |   201 |    20 ||   473
Block: Buckler           |    22 |    26 |    62 |       |       ||   110

Table legend: (Time is in decaauts)
 A = Elapsed time spent in this place.
 B = Non-inter-level travel time spent in this place.
 C = Inter-level travel time spent in this place.
 D = Time resting spent in this place.
 E = Time spent auto-exploring this place.
 F = Levels seen in this place.
 G = Mean time per level.
                   A        B        C        D        E       F      G
               +--------+--------+--------+--------+--------+-----+--------+
         Total |  15114 |  14733 |    381 |   3655 |   7671 |  15 | 1007.6 |
       Dungeon |  11713 |  11380 |    333 |   2452 |   6389 |  10 | 1171.3 |
          Lair |   1925 |   1877 |     48 |    295 |   1211 |   3 |  641.7 |
        Bailey |   1216 |   1216 |      0 |    892 |     71 |   1 | 1216.0 |
      Gauntlet |    259 |    259 |      0 |     16 |      0 |   1 |  259.0 |
               +--------+--------+--------+--------+--------+-----+--------+

Top non-repeatable levels by time:
     D:3: 1619 daAuts
     D:4: 1385 daAuts
     D:6: 1377 daAuts
     D:9: 1251 daAuts
  Bailey: 1216 daAuts
    D:10: 1172 daAuts
     D:2: 1169 daAuts
     D:1: 1099 daAuts
     D:5: 1057 daAuts
  Lair:2: 948 daAuts
  Lair:1: 948 daAuts
     D:8: 798 daAuts
     D:7: 782 daAuts
Gauntlet: 259 daAuts
  Lair:3: 28 daAuts
